AoeStats
← CoronaVirus

Arena

510439951Analyzed
4v4 RM · 20h ago on Oct 1, 2026· 38m 48s· 8 players
Game mode
Random Map
Map size
Large (8 player)
Population
200
Speed
Normal
Resources
Standard
Victory
Conquest
Starting age
Dark Age
Ending age
Imperial Age
RankedLock teamsTeams togetherTeam positionsShared explorationLock speedFull tech treeHidden civsTurbo modeCheats
Victory
Defeat
🇺🇸 Mongols · United States
952
+16
🇺🇸 Vikings · United States
919
+18
🇲🇽 Byzantines · Mexico
903
+18
🇮🇩 Cumans · Indonesia
897
+19
🇺🇸 Varangians · United States
987
-19
🇺🇸 Danes · United States
959
-18
🇺🇸 Aztecs · United States
954
-18
🇺🇸 Bohemians · United States
918
-38
CoronaVirus
4:02 Loom
12:15 Feudal Age
13:37 Gold Mining
18:58 Castle Age
17:09 Horse Collar
18:25 Fletching
18:24 Double-Bit Axe
19:10 Padded Archer Armor
19:09 Crossbowman
23:36 Ballistics
24:14 Bodkin Arrow
28:15 Heavy Plow
28:37 Bow Saw
31:38 Imperial Age
30:05 Gold Shaft Mining
29:21 Stone Mining
29:35 Man-at-Arms
30:16 Squires
30:02 Arson
30:29 Forging
30:19 Scale Mail Armor
30:28 Long Swordsman
31:31 Town Watch
32:41 Iron Casting
32:55 Crop Rotation
33:06 Two-Handed Swordsman
35:26 Blast Furnace
34:44 Chain Mail Armor
36:48 Champion
38:01 Plate Mail Armor
Eagle3
10:51 Feudal Age
14:57 Castle Age
12:49 Double-Bit Axe
12:48 Horse Collar
19:39 Bow Saw
20:18 Fervor
21:22 Loom
22:20 Wheelbarrow
21:31 Town Watch
22:39 Fletching
23:28 Bodkin Arrow
24:18 Ballistics
24:35 Hand Cart
26:45 Bloodlines
26:57 Padded Archer Armor
28:31 Leather Archer Armor
28:46 Husbandry
33:14 Imperial Age
30:53 Thumb Ring
33:20 Gold Mining
33:47 Fortified Wall
34:55 Chemistry
34:02 Siege Engineers
33:59 Bracer
35:28 Parthian Tactics
35:34 Conscription
34:40 Elite Mangudai
37:35 Masonry
37:33 Heavy Plow
38:24 Onager
sonrisgsvh1131
2:36 Loom
10:44 Feudal Age
17:52 Castle Age
16:20 Stone Mining
16:30 Double-Bit Axe
16:28 Horse Collar
17:19 Gold Mining
19:33 Bow Saw
23:51 Scale Mail Armor
25:30 Chain Mail Armor
26:10 Forging
28:38 Heavy Plow
29:16 Gold Shaft Mining
31:11 Iron Casting
32:57 Stone Shaft Mining
33:03 Wheelbarrow
33:06 Caravan
35:45 Imperial Age
33:06 Treadmill Crane
33:53 Fletching
34:03 Murder Holes
34:28 Ballistics
34:39 Scale Barding Armor
34:30 Bodkin Arrow
35:18 Hand Cart
36:29 Chain Barding Armor
38:41 Conscription
39:14 Plate Barding Armor
38:42 Bracer
39:51 Chemistry
McPai
0:35 Loom
10:59 Feudal Age
13:31 Man-at-Arms
20:44 Forging
25:28 Castle Age
24:38 Scale Barding Armor
25:05 Horse Collar
26:50 Long Swordsman
28:30 Capped Ram
35:15 Gold Mining
40:18 Imperial Age
38:09 Squires
38:29 Heavy Plow
38:18 Double-Bit Axe
chris_koehnlein
1:14 Loom
16:05 Feudal Age
17:31 Wheelbarrow
16:41 Town Watch
17:20 Arson
18:22 Horse Collar
19:07 Double-Bit Axe
21:42 Scale Mail Armor
22:41 Scale Barding Armor
26:35 Padded Archer Armor
26:25 Fletching
26:46 Forging
31:15 Castle Age
32:31 Hand Cart
32:18 Town Patrol
33:41 Heavy Plow
34:02 Bow Saw
35:18 Wagenburg Tactics
StrawTrash
8:07 Loom
10:33 Feudal Age
11:00 Double-Bit Axe
10:58 Horse Collar
11:25 Gold Mining
16:29 Castle Age
16:29 Gold Mining
18:49 Forging
19:31 Wheelbarrow
20:24 Squires
20:30 Gambesons
20:49 Scale Mail Armor
24:03 Bow Saw
26:51 Heavy Plow
27:44 Arson
28:56 Hand Cart
32:32 Imperial Age
31:41 Stone Mining
32:20 Town Watch
33:43 Gold Shaft Mining
35:15 Elite Skirmisher
36:01 Thumb Ring
36:34 Fletching
36:46 Padded Archer Armor
BB
10:10 Feudal Age
10:37 Double-Bit Axe
10:35 Horse Collar
16:49 Castle Age
16:10 Stone Mining
16:12 Gold Mining
Broseph Stylin
5:51 Loom
12:21 Feudal Age
14:18 Wheelbarrow
18:33 Scale Mail Armor
17:57 Man-at-Arms
18:25 Arson
24:53 Castle Age
23:08 Horse Collar
24:18 Gold Mining
25:14 Eagle Warrior
25:59 Squires
27:30 Gambesons
31:15 Stone Mining
32:01 Chain Mail Armor
31:57 Forging
31:11 Long Swordsman
31:28 Pikeman
35:38 Hand Cart
37:37 Iron Casting
37:22 Fervor
37:53 Gold Shaft Mining
37:07 Double-Bit Axe
41:22 Imperial Age
Connection lost

Rejoining the realm…

Still unreachable

The connection could not be restored.

Session expired

The server has moved on; the page needs a fresh start.